Map: Romanticide LE

Players

MaSa - Winner!

  • Race: Terran Terran

Namshar

  • Race: Zerg Zerg

Event: DreamHack SC2 Masters 2021 Fall

VOD

Have the link to the VOD?

Description

Time

  • Played on: Aug. 13, 2021, 3:54 p.m.
  • Length: 15:07

All games in this series

Show
View Real Time Build Order
Export as new Build Order

MaSa Terran - Winner!

Build Orders:  

Get SALT Encoding   

  12  0:00  SCV  
  13  0:12  SCV  
  14  0:17  Supply Depot  
  14  0:24  SCV  
  15  0:38  SCV  
  15  0:39  Barracks  
  16  0:50  SCV  
  17  1:02  SCV  
  18  1:15  Command Center  
  18  1:16  SCV  
  19  1:26  Marine  
  19  1:29  Orbital Command  
  20  1:35  Supply Depot  
  20  1:44  Marine  
  21  1:55  SCV  
  22  2:01  Marine  
  23  2:09  SCV  
  23  2:13  Command Center  
  24  2:19  Marine  
  25  2:24  Barracks  
  25  2:27  SCV  
  26  2:38  Barracks  
  26  2:39  Refinery  
  26  2:40  Refinery  
  26  2:45  SCV  
  26  2:50  Orbital Command  
  27  2:55  Marine  
  27  2:57  SCV  
  29  3:04  Bunker  
  29  3:09  SCV  
  30  3:13  Barracks Tech Lab  
  30  3:15  Marine, SCV  
  32  3:21  SCV  
  32  3:26  Marine  
  34  3:28  SCV  
  34  3:30  Orbital Command  
  34  3:32  Marine  
  34  3:33  SCV  
  37  3:37  Stimpack  
  37  3:38  Marine  
  37  3:40  SCV  
  39  3:45  Marine, SCV  
  41  3:49  Factory  
  41  3:51  Marine  
  41  3:53  SCV  
  41  3:55  Refinery  
  43  3:57  SCV  
  43  4:00  SCV  
  45  4:05  Barracks Reactor, SCV  
  45  4:07  Barracks Reactor  
  45  4:09  SCV  
  47  4:12  SCV, Barracks  
  47  4:13  Marine  
  49  4:19  Barracks  
  49  4:21  SCV  
  49  4:22  SCV  
  51  4:24  SCV  
  51  4:28  Supply Depot  
  52  4:33  SCV  
  52  4:34  SCV, Factory Reactor, Starport  
  52  4:36  Marine  
  55  4:39  SCV  
  55  4:43  Supply Depot  
  55  4:44  Engineering Bay  
  56  4:46  SCV x2  
  56  4:47  Marine  
  56  4:49  Marine  
  56  4:51  Marine  
  61  4:53  Marine  
  61  4:56  Engineering Bay  
  61  4:58  Marine  
  61  4:59  SCV  
  64  5:00  SCV  
  64  5:01  SCV  
  64  5:04  Refinery  
  66  5:10  Supply Depot  
  66  5:11  SCV  
  66  5:12  Terran Infantry Weapons Level 1  
  66  5:13  SCV  
  68  5:14  Marine x2  
  68  5:18  Barracks Reactor x2  
  71  5:21  Factory Reactor  
  71  5:23  Orbital Command, Medivac  
  71  5:28  Medivac  
  75  5:32  SCV x2  
  75  5:33  Supply Depot  
  75  5:34  Supply Depot  
  76  5:39  Terran Infantry Armor Level 1  
  76  5:41  Marine x2  
  76  5:42  Marine  
  79  5:44  SCV x2, Supply Depot  
  79  5:49  SCV  
  82  5:50  Marine x2, Combat Shield  
  82  5:55  Refinery  
  82  5:56  SCV x2  
  82  5:57  Medivac  
  88  5:58  Marine x2  
  88  6:01  SCV  
  88  6:03  Marine x2  
  93  6:08  SCV x2  
  93  6:09  Supply Depot x2  
  95  6:13  SCV  
  95  6:17  Marine x2  
  100  6:18  Widow Mine  
  100  6:19  Marine x2  
  100  6:20  SCV x2  
  100  6:25  SCV  
  105  6:28  Marine x5  
  105  6:31  Widow Mine  
  111  6:32  SCV  
  111  6:35  Factory  
  111  6:38  SCV  
  112  6:40  Marine x3  
  112  6:45  Marine  
  112  6:46  Marine x2  
  110  6:49  Marine x3  
  110  6:51  SCV  
  110  6:52  SCV  
  102  6:57  Marine, SCV  
  102  6:58  Marine x2  
  106  7:02  Marine  
  106  7:07  Marine x4  
  106  7:08  Armory  
  110  7:09  SCV x2  
  110  7:11  SCV  
  110  7:12  Marine  
  110  7:13  Medivac  
  116  7:15  Marine  
  116  7:16  Supply Depot  
  116  7:18  Medivac  
  116  7:20  Factory Tech Lab  
  116  7:21  Widow Mine  
  121  7:23  Marine, Widow Mine  
  124  7:33  Sensor Tower  
  124  7:35  SCV, Supply Depot  
  124  7:36  Supply Depot  
  125  7:38  Marine x4, SCV x2  
  125  7:41  Marine x2  
  133  7:49  SCV  
  133  7:51  Marine x3  
  130  7:53  SCV  
  130  7:55  Marine, SCV  
  130  7:56  Marine x3  
  136  7:59  Marine x2  
  136  8:03  Widow Mine x2, Drilling Claws  
  139  8:08  Marine  
  139  8:09  Marine x2  
  139  8:10  Terran Infantry Weapons Level 2  
  141  8:15  Command Center  
  141  8:16  Missile Turret  
  141  8:18  Terran Infantry Armor Level 2  
  141  8:19  Marine  
  140  8:20  Marine  
  140  8:21  Marine  
  140  8:24  Marine  
  140  8:25  Marine x2  
  146  8:28  Marine x3  
  136  8:37  Marine  
  136  8:38  Marine  
  136  8:39  Marine  
  136  8:40  Medivac x2  
  123  8:42  Marine x2, Widow Mine x2  
  123  8:43  Marine  
  130  8:49  Thor  
  130  8:51  Marine x2  
  130  8:55  Marine  
  139  8:57  Marine x2  
  139  9:00  Marine x3  
  145  9:06  Supply Depot  
  145  9:08  Marauder  
  145  9:09  Marine, Widow Mine  
  149  9:13  Supply Depot  
  149  9:15  Supply Depot  
  149  9:21  Marine  
  149  9:22  Marine x2  
  149  9:26  Marine x5, Medivac x2  
  149  9:27  Widow Mine  
  149  9:30  Marauder  
  162  9:32  Widow Mine  
  152  9:39  Marine  
  152  9:40  Marine  
  152  9:42  Widow Mine  
  147  9:46  Command Center  
  147  9:47  Marine  
  147  9:48  Marine x3, Widow Mine  
  147  9:51  Marauder  
  147  9:52  Terran Vehicle And Ship Armor Level 1  
  155  9:54  Barracks x2  
  155  9:55  Widow Mine, Barracks  
  155  9:56  Medivac x2  
  155  9:58  Marine  
  155  9:59  Marine x2  
  164  10:03  Widow Mine  
  164  10:04  Concussive Shells  
  166  10:09  Widow Mine  
  166  10:11  Marine x4  
  166  10:12  Marauder  
  174  10:16  Widow Mine  
  174  10:18  Marine x3  
  174  10:19  Marine  
  174  10:25  Widow Mine  
  175  10:28  Medivac  
  175  10:29  Marine x4, Medivac  
  175  10:34  Marauder  
  180  10:36  Marine x2  
  180  10:39  Marine x2  
  180  10:41  Widow Mine x2  
  188  10:46  Marine x2  
  188  10:47  Marine, SCV x2  
  188  10:50  Planetary Fortress  
  188  10:52  Command Center  
  188  10:53  Terran Infantry Weapons Level 3  
  188  10:55  Widow Mine  
  177  10:58  Medivac x2  
  177  11:02  Widow Mine  
  177  11:03  Widow Mine  
  159  11:08  Marine x3, Marauder  
  156  11:11  Marine x3  
  156  11:12  Marine, Barracks Tech Lab x3  
  156  11:17  Widow Mine  
  162  11:28  Marine x4, Medivac  
  162  11:29  Marine x2  
  162  11:31  Marine  
  162  11:32  Marine x4, Marauder  
  150  11:33  Widow Mine x2, Medivac  
  141  11:43  SCV x2  
  141  11:44  Planetary Fortress  
  141  11:46  Marine x4  
  147  11:47  Marine x2  
  147  11:49  Marine x3  
  147  11:50  Marauder  
  153  11:54  Thor, Marine, Widow Mine  
  153  11:55  Widow Mine, Marauder  
  153  11:58  Medivac  
  153  11:59  Refinery  
  166  12:03  Medivac  
  166  12:04  Marine x3  
  171  12:08  Missile Turret  
  171  12:09  Marine x3  
  171  12:10  Marine, Marauder, Missile Turret  
  171  12:12  Marine x2, Marauder  
  181  12:16  Marine, Widow Mine x2  
  181  12:18  Terran Vehicle And Ship Armor Level 2  
  181  12:22  Marine  
  187  12:24  Marine x2  
  187  12:27  Marine  
  178  12:30  Marine x2  
  178  12:31  Marauder x2  
  178  12:34  Marauder  
  178  12:36  Marine x2  
  184  12:37  Widow Mine x3, Marauder  
  184  12:39  Marine  
  184  12:40  Medivac x2  
  184  12:42  Marine, Planetary Fortress  
  194  12:49  Marine x2  
  196  12:52  Marauder  
  196  12:54  Marauder  
  200  13:04  Marine x4, Marauder  
  193  13:07  Thor  
  193  13:11  Marine  
  197  13:17  Marine x3  
  197  13:18  Marine x2, Marauder  
  192  13:26  Marine x3, Marauder  
  192  13:27  Marine  
  192  13:29  Marine, Widow Mine x2  
  192  13:30  Medivac  
  181  13:35  Marine x3  
  181  13:36  Marauder x2  
  181  13:39  Marine  
  189  13:44  Marine x3  
  189  13:45  Marine  
  189  13:46  Marine  
  189  13:47  Marine  
  195  13:50  Widow Mine  
  195  13:53  Marine x3  
  200  14:09  Marine x5, Marauder  
  185  14:12  Marine x3  
  185  14:13  Liberator  
  185  14:14  Thor, Widow Mine x2, Liberator  
  185  14:16  Marine x2, Marauder  
  185  14:25  Refinery x2  
  185  14:27  Marine x5, Barracks x2  
  185  14:29  Marine x2  
  187  14:31  Marine  
  187  14:32  Marauder  
  187  14:34  Marine x2  
  187  14:37  Marine  
  183  14:39  Widow Mine x2  
  183  14:44  Marine x2  
  183  14:45  Marine x3  
  182  14:47  Marine x2  
  182  14:49  Marine  
  189  14:58  Command Center  
Show
View Real Time Build Order
Export as new Build Order

Namshar Zerg 

Build Orders: Hatch First, Muta Ling Bane 

Get SALT Encoding   

  12  0:00  Drone  
  13  0:12  Overlord  
  13  0:18  Drone  
  14  0:30  Drone  
  14  0:31  Drone  
  16  0:48  Hatchery  
  15  0:50  Drone  
  15  0:55  Drone  
  17  0:57  Drone  
  18  1:09  Extractor  
  17  1:13  Spawning Pool  
  17  1:16  Drone  
  17  1:19  Drone  
  18  1:28  Drone  
  20  1:40  Drone  
  20  1:49  Drone  
  21  1:59  Queen  
  21  2:00  Queen, Zergling x4  
  27  2:13  Hatchery  
  26  2:17  Overlord  
  26  2:20  Drone  
  27  2:23  Drone  
  27  2:28  Overlord  
  28  2:34  Metabolic Boost  
  28  2:48  Drone x4  
  32  2:54  Overlord  
  32  2:58  Queen  
  34  3:02  Drone  
  34  3:04  Drone  
  36  3:12  Drone x3  
  39  3:13  Drone  
  40  3:20  Queen  
  40  3:22  Overlord  
  40  3:24  Drone  
  40  3:26  Drone  
  44  3:27  Drone  
  45  3:36  Baneling Nest  
  45  3:37  Queen  
  45  3:39  Drone x2  
  48  3:45  Drone x2  
  50  3:52  Overlord  
  50  3:53  Drone x2  
  52  3:56  Drone x2  
  52  4:00  Zergling x4  
  56  4:11  Zergling x2  
  56  4:12  Overlord  
  56  4:14  Drone x4  
  56  4:15  Drone x2  
  56  4:16  Drone  
  64  4:20  Overlord  
  64  4:22  Drone x2  
  66  4:33  Overlord  
  66  4:35  Spore Crawler x2  
  66  4:36  Lair  
  66  4:37  Spore Crawler  
  63  4:38  Drone  
  63  4:39  Drone x5  
  63  4:40  Extractor  
  63  4:43  Extractor, Queen  
  69  4:46  Drone x2  
  69  4:49  Drone x2  
  73  4:53  Drone x3  
  73  4:54  Drone  
  73  4:56  Extractor  
  73  4:57  Queen  
  78  5:01  Extractor x2  
  78  5:03  Drone x3  
  78  5:06  Drone  
  78  5:07  Drone x2  
  82  5:13  Zergling x2  
  83  5:16  Baneling x4  
  82  5:21  Overlord  
  82  5:22  Overlord  
  82  5:25  Zergling x14  
  89  5:32  Zergling x2  
  89  5:33  Overlord  
  89  5:34  Overlord x2  
  90  5:41  Centrifical Hooks  
  90  5:42  Zergling x6  
  93  5:45  Baneling x2  
  94  5:50  Zergling x4  
  94  5:56  Overlord  
  95  5:58  Zergling x2  
  95  5:59  Zergling x6  
  95  6:01  Hatchery  
  97  6:12  Drone x2, Evolution Chamber, Spire  
  97  6:13  Drone x3, Evolution Chamber  
  97  6:14  Drone  
  100  6:19  Drone x2  
  100  6:31  Hatchery  
  99  6:34  Drone  
  99  6:38  Hatchery  
  97  6:40  Zergling x2  
  97  6:41  Zergling x22  
  103  6:49  Zergling x6  
  102  6:59  Zerg Ground Armor Level 1  
  102  7:00  Zerg Melee Weapons Level 1  
  103  7:08  Drone x9  
  103  7:09  Drone x3  
  114  7:24  Baneling x8, Hatchery  
  114  7:25  Mutalisk x2  
  114  7:26  Mutalisk x3  
  123  7:32  Mutalisk x3  
  123  7:35  Zerg Flyer Weapons Level 1  
  123  7:44  Zergling x20  
  126  7:57  Mutalisk x5  
  134  8:04  Baneling  
  134  8:05  Baneling x7  
  134  8:07  Overseer  
  134  8:11  Zergling x2  
  134  8:12  Zergling x26  
  148  8:14  Baneling x4  
  148  8:15  Baneling  
  148  8:20  Drone  
  149  8:30  Hatchery  
  137  8:37  Zergling x20  
  137  8:38  Zergling x2  
  137  8:40  Zergling x20  
  139  8:43  Zergling x2  
  139  8:45  Baneling x9  
  140  8:54  Overseer  
  140  8:59  Drone x2  
  140  9:00  Queen  
  140  9:01  Extractor, Drone x3  
  146  9:03  Zerg Melee Weapons Level 2, Zerg Ground Armor Level 2, Baneling  
  146  9:09  Zergling x8  
  150  9:12  Baneling x3  
  150  9:13  Baneling  
  147  9:28  Mutalisk x2  
  135  9:40  Zergling x24  
  135  9:42  Zergling x2  
  135  9:43  Zergling x24  
  148  9:48  Baneling x4  
  148  9:49  Mutalisk  
  150  9:59  Baneling x11  
  150  10:00  Mutalisk x2  
  150  10:01  Overlord x3  
  153  10:08  Zergling x6  
  153  10:12  Overseer  
  156  10:19  Zergling x22  
  156  10:20  Zergling x2  
  166  10:24  Zergling x20  
  166  10:26  Baneling x4  
  176  10:28  Overlord  
  176  10:29  Overlord  
  175  10:42  Baneling x6  
  173  10:43  Overlord x3  
  173  10:44  Zergling x14  
  165  10:50  Baneling x7  
  157  11:02  Zergling x14  
  144  11:10  Overseer, Zerg Flyer Weapons Level 2  
  141  11:14  Pneumatized Carapace  
  141  11:17  Mutalisk x8  
  157  11:19  Zergling x26  
  170  11:32  Zergling x18  
  161  11:36  Zergling x4  
  161  11:39  Mutalisk  
  146  11:45  Mutalisk x2  
  146  11:46  Hatchery  
  149  11:52  Baneling x5  
  149  11:53  Baneling x5  
  147  11:56  Drone  
  147  11:58  Infestation Pit  
  147  12:03  Baneling x6  
  147  12:09  Hatchery  
  147  12:11  Extractor  
  147  12:12  Extractor  
  147  12:14  Drone x2  
  147  12:15  Drone x2  
  148  12:17  Baneling x2  
  148  12:22  Baneling x6  
  146  12:23  Zergling x16  
  133  12:30  Drone x5  
  133  12:35  Drone x5  
  139  12:44  Drone x2  
  141  12:45  Drone x4  
  141  12:46  Drone  
  141  12:47  Drone  
  147  12:55  Baneling x2  
  147  12:56  Zergling x10  
  148  13:04  Zergling x12  
  143  13:16  Zergling x16  
  144  13:23  Zergling x10  
  144  13:24  Zergling x10  
  150  13:33  Mutalisk x4  
  141  13:36  Zergling x4  
  141  13:38  Baneling  
  141  13:39  Baneling x4  
  141  13:41  Baneling x4  
  138  13:43  Zergling x2  
  138  13:47  Baneling x2  
  138  13:48  Zergling x6  
  138  13:55  Extractor  
  136  13:58  Zergling x2  
  136  13:59  Zergling x16  
  136  14:00  Baneling x3  
  140  14:05  Zergling x8  
  140  14:08  Zergling x4  
  127  14:12  Mutalisk  
  127  14:13  Mutalisk x2  
  132  14:18  Zergling x8  
  132  14:21  Baneling x4  
  132  14:23  Baneling  
  132  14:24  Baneling x4  
  135  14:30  Zergling x2  
  135  14:31  Zergling x12  
  133  14:34  Zergling x6  
  121  14:40  Zergling x8  
  121  14:44  Zergling x8  
  111  14:48  Zergling x4  
  111  14:50  Baneling  
  111  14:51  Baneling x3  

Tags
 
Add a new tag
Caveats
  • Supply blocks, unpowered buildings, or Contaminate may cause inaccurate times.
  • Supply counts are checked every 10 seconds.